 Dungeon Crawl Stone Soup version 0.22.1-1-ga44c0e5 (webtiles) character file.

78 Gershgorin the Ducker (level 4, -1/44 HPs)
             Began as a Troll Fighter on Nov 8, 2018.
             Slain by a gnoll
             ... wielding a +0 spear
              (10 damage)
             ... on level 4 of the Dungeon.
             The game lasted 00:19:01 (833 turns).

Gershgorin the Ducker (Troll Fighter)                Turns: 833, Time: 00:19:06

Health: -1/44      AC:  5    Str: 24    XL:     4   Next: 15%
Magic:  3/3        EV:  8    Int:  4    God:
Gold:   108        SH:  9    Dex: 10    Spells: 3/3 levels left

rFire    . . .     SeeInvis .   m - +0 mace
rCold    . . .     Gourm    +   c - +0 shield
rNeg     . . .     Faith    .   b - +0 robe
rPois    .         Spirit   .   (helmet restricted)
rElec    .         Reflect  .   (no cloak)
rCorr    .         Harm     .   (gloves unavailable)
MR       .....                  (boots unavailable)
Stlth    +.........             (no amulet)
HPRegen  0.54/turn              (no ring)
MPRegen  0.08/turn              (no ring)

@: no status effects
A: large, unfitting armour, claws 3, fast metabolism 3, gourmand, regeneration
1, shaggy fur 1, tough skin 2
a: no special abilities


You were on level 4 of the Dungeon.
You were not hungry.

You visited 1 branch of the dungeon, and saw 4 of its levels.

You collected 108 gold pieces.

Inventory:

Hand Weapons
 a - a +0 flail
 j - a +0 club
 k - a +0 whip
 l - a +0 club
 m - a +0 mace (weapon)
 w - a +0 halberd of venom
Missiles
 i - 22 arrows
Armour
 b - a +0 robe (worn)
 c - a +0 shield (worn)
 h - a +0 robe
 o - a +0 ring mail
 p - a cursed +0 pair of boots
 q - a +2 pair of gloves
 t - a +0 ring mail
 u - a +0 ring mail
Jewellery
 g - an uncursed amulet of magic regeneration {unknown}
Scrolls
 e - a scroll of magic mapping {unknown}
 r - a scroll of teleportation {unknown}
 v - a scroll of immolation {unknown}
Potions
 d - a potion of might
 n - 2 potions of brilliance {unknown}
 s - 2 potions of curing {unknown}
Comestibles
 f - 4 rations


   Skills:
 + Level 2.9 Fighting
 + Level 2.4 Maces & Flails
 + Level 3.0 Dodging
 + Level 2.9 Shields


You had 3 spell levels left.
You didn't know any spells.
Your spell library was empty.

Dungeon Overview and Level Annotations

Branches:
Dungeon (4/15)
 Temple: D:4-7

Altars:
Ashenzari
Gozag


Innate Abilities, Weirdness & Mutations

You are too large for most types of armour.
You have claws for hands.
Your metabolism is lightning-fast.
You like to eat raw meat.
Your natural rate of healing is unusually fast.
You are covered in fur. (AC +1)
You have very tough skin. (AC +2)


Message History

You block the gnoll's attack.
You hit the orc priest.
The orc priest is lightly wounded.
You block the orc priest's attack. You block the gnoll's attack.
You thump the orc priest!
The orc priest is heavily wounded.
You block the orc priest's attack. The gnoll hits you with a flail.
You block the orc priest's attack.
You barely miss the orc priest.
The orc priest is heavily wounded.
The gnoll hits you with a flail! You block the gnoll's attack.
The orc priest hits you but does no damage.
You barely miss the orc priest.
The orc priest is heavily wounded.
The gnoll barely misses you. You block the gnoll's attack.
The orc priest calls down the wrath of Beogh upon you.
Pain shoots through your body!
* * * LOW HITPOINT WARNING * * *
The gnoll hits you from afar with a spear!
You die...

## ######### ### #.
##ag†.oa.#####.###.
#go#####...........
#.@# #####.....##
##### ##...## ##_##
##†## #8...8 #)#
#..... #.# 8.....8
#a# ##.....# .o.
#8...8# .....
.......


You could see a worker ant, an orc priest and 2 gnolls.

Vanquished Creatures
  2 adders (D:2)
  A gnoll (D:4)
  2 dart slugs (D:1)
  2 leopard geckos
  6 orcs
  A bat (D:2)
  3 giant cockroaches
  7 hobgoblins
  A quokka (D:2)
  2 frilled lizards (D:1)
  6 goblins
  2 rats
35 creatures vanquished.

Notes
Turn   | Place    | Note
-------+----------+-------------------------------------------
     0 | D:1      | Gershgorin the Troll Fighter began the quest for the Orb.
     0 | D:1      | Reached XP level 1. HP: 22/22 MP: 0/0
   148 | D:1      | Reached XP level 2. HP: 29/29 MP: 1/1
   232 | D:2      | Found an opulent altar of Gozag.
   492 | D:2      | Reached XP level 3. HP: 33/36 MP: 2/2
   791 | D:4      | Reached skill level 3 in Dodging
   791 | D:4      | Reached XP level 4. HP: 29/44 MP: 3/3
   816 | D:4      | Found a shattered altar of Ashenzari.
   833 | D:4      | Slain by a gnoll

Skill      XL: |  1  2  3 |
---------------+----------+-----
Maces & Flails | 2 |  2.4
Dodging        | 3 |  3.0
Fighting       | |  2.9
Shields        | |  2.9

Action                   |  1- 3 |  4- 6 || total
-------------------------+-------+-------++-------
Melee: Flail             |    18 |       ||    18
       Club              |     7 |       ||     7
       Mace              |   107 |    22 ||   129
  Eat: Ration            |     2 |       ||     2
Armor: Robe              |    81 |     4 ||    85
Dodge: Dodged            |    81 |    14 ||    95
Block: Shield            |   102 |    22 ||   124
